 Dungeon Crawl Stone Soup version 0.18.1-6-gd335043 (webtiles) character file.

2028 Krapule the Shield-Bearer (level 9, -2/71 HPs)
             Began as a Formicid Fighter on May 15, 2016.
             Was a Priest of Makhleb.
             Slain by an orc warrior
             ... wielding a +1 dire flail of protection
              (11 damage)
             ... on level 7 of the Dungeon.
             The game lasted 00:19:47 (6859 turns).

Krapule the Shield-Bearer (Formicid Fighter)        Turns: 6859, Time: 00:19:48

Health: -2/71      AC: 11    Str: 22    XL:     9   Next: 47%
Magic:  12/12      EV:  9    Int: 10    God:    Makhleb [***...]
Gold:   421        SH: 11    Dex: 10    Spells: 0 memorised, 8 levels left

rFire  . . .     SeeInvis +     a - +1 quarterstaff
rCold  . . .     Gourm    .     e - +3 scale mail
rNeg   . . .     Faith    +     c - +0 shield
rPois  .         Spirit   .     (helmet unavailable)
rElec  .         Dismiss  .     (no cloak)
rCorr  +         Reflect  .     (no gloves)
SustAt .         Harm     .     w - +0 pair of boots
MR     .....                    k - amulet of faith
Stlth  ++........               (no ring)
                                s - ring of resist corrosion

@: not resistant to hostile enchantments, unstealthy
A: permanent stasis, dig shafts and tunnels, four strong arms, antennae 3
a: Dig, Shaft Self, Minor Destruction, Lesser Servant of Makhleb, Renounce
Religion


You were on level 7 of the Dungeon.
You worshipped Makhleb.
Makhleb was most pleased with you.
You were very hungry.

You visited 2 branches of the dungeon, and saw 8 of its levels.
You also visited: Sewer.

You collected 421 gold pieces.

Inventory:

Hand Weapons
 a - a +1 quarterstaff (weapon)
Armour
 c - a +0 shield (worn)
 e - a +3 scale mail (worn)
 w - a +0 pair of boots (worn)
Jewellery
 k - an amulet of faith (around neck)
 o - an uncursed ring of ice
 s - a ring of resist corrosion (left hand)
 y - an uncursed ring of fire
Scrolls
 j - 2 scrolls of remove curse
 q - 3 scrolls of identify
 t - a scroll of silence {unknown}
 v - a scroll of enchant armour {unknown}
Potions
 b - 2 potions of cure mutation
 d - 2 potions of might
 i - 2 potions of magic
 m - a potion of invisibility
 n - a potion of berserk rage {unknown}
 p - a potion of cancellation
 r - a potion of ambrosia {unknown}
 x - a potion of flight {unknown}
Books
 u - a book of Annihilations

   Spells                             Type                      Level
   a - Poison Arrow                   Conjuration/Poison           6
   b - Chain Lightning                Conjuration/Air              8
   c - Lehudib's Crystal Spear        Conjuration/Earth            8
   d - Glaciate                       Conjuration/Ice              9
   e - Fire Storm                     Conjuration/Fire             9
Comestibles
 f - 9 bread rations
 g - 4 meat rations
 h - 2 slices of pizza
 l - 2 fruits
 z - 7 beef jerkies


   Skills:
 + Level 6.4 Fighting
 - Level 4.0 Staves
 + Level 6.3 Armour
 + Level 6.8 Stealth
 + Level 7.4 Shields
 + Level 5.0 Invocations


You had 8 spell levels left.
You didn't know any spells.

Dungeon Overview and Level Annotations

Branches:
Dungeon (7/15)             Temple (1/1) D:4

Altars:
Cheibriados
Dithmenos
Elyvilon
Fedhas
Gozag
Kikubaaqudgha
Makhleb
Nemelex Xobeh
Okawaru
Pakellas
Qazlal
Ru
Sif Muna
Trog
Vehumet
Xom
Yredelemnul
Zin
The Shining One

Shops:
D:7 !


Innate Abilities, Weirdness & Mutations

You are under a permanent stasis effect.
You can dig through walls and to a lower floor.
Your four strong arms can wield two-handed weapons with a shield.
You have a pair of large antennae on your head (SInv).


Message History

The orc hits you with a mace. The orc hits you with a hand axe.
The orc warrior hits you with a dire flail of protection!
You hit the orc warrior.
The orc warrior is moderately wounded.
You block the orc's attack. The orc hits you with a hand axe.
The orc warrior hits you with a dire flail of protection!
* * * LOW HITPOINT WARNING * * *
You are too injured to fight recklessly!
You are too injured to fight recklessly!
You are too injured to fight recklessly!
You are too injured to fight recklessly!
You are too injured to fight recklessly!
You are too injured to fight recklessly!
You are too injured to fight recklessly!
You are too injured to fight recklessly!
You hit the orc warrior but do no damage.
The orc warrior is moderately wounded.
You block the orc's attack. The orc hits you but does no damage.
The orc warrior hits you with a dire flail of protection!
You die...

...#........#........#..>...'....
####...####'#........#....###....
.###...###........####....#......
.#.......#........#.......#......
.#.......#........#.......#......
.#.......#........#.......#......
.#########........#.......#......
................o.#.......#......
................@.#'#######....∩.
#..............oo................
#................................
#................................
#................................
#))).............................
#.().............................
.........#######+###....†...#####
...(.....#....#....+........'....


You could see an orc warrior and 2 orcs.

Vanquished Creatures
  An ice beast (D:7)
  An orc warrior (D:7)
  A sky beast (D:7)
  A necrophage (D:7)
  2 ogres
  3 centaurs
  6 big kobolds
  A scorpion (D:7)
  4 crimson imps
  A centaur zombie (D:5)
  An orc priest (D:7)
  2 iguanas
  2 orc wizards (D:3)
  Jessica (D:3)
  Ijyb (D:3)
  Natasha (thrice) (D:3)
  3 worker ants
  A worker ant zombie (D:6)
  9 gnolls
  A river rat (D:5)
  9 adders
  A shadow imp (D:5)
  5 oozes
  5 worms
  A dart slug (D:1)
  2 giant geckos
  9 orcs
  4 ball pythons
  7 bats
  4 giant cockroaches
  5 goblins
  9 hobgoblins
  7 jackals
  A quokka (D:3)
  A giant gecko skeleton (D:7)
  6 giant newts
  16 kobolds
  16 rats
153 creatures vanquished.

Notes
Turn   | Place    | Note
--------------------------------------------------------------
     0 | D:1      | Krapule the Formicid Fighter began the quest for the Orb.
     0 | D:1      | Reached XP level 1. HP: 18/18 MP: 1/1
   144 | D:1      | Reached skill level 4 in Shields
   144 | D:1      | Reached XP level 2. HP: 15/24 MP: 2/2
   326 | D:1      | Reached skill level 1 in Stealth
   328 | D:1      | Reached XP level 3. HP: 26/29 MP: 3/3
  1113 | D:2      | Reached XP level 4. HP: 35/35 MP: 4/4
  1657 | D:3      | Noticed Ijyb
  1669 | D:3      | Killed Ijyb
  1669 | D:3      | Reached XP level 5. HP: 41/41 MP: 5/5
  1825 | D:3      | Noticed Natasha
  1831 | D:3      | Killed Natasha
  2063 | D:3      | Reached XP level 6. HP: 40/48 MP: 6/6
  2211 | D:3      | Noticed Jessica
  2219 | D:3      | Killed Jessica
  2230 | D:3      | Noticed Natasha
  2244 | D:3      | Killed Natasha
  2244 | D:3      | Reached skill level 5 in Shields
  2344 | D:3      | Noticed Natasha
  2359 | D:3      | Killed Natasha
  2642 | D:4      | Found a staircase to the Ecumenical Temple.
  2651 | Temple   | Entered the Ecumenical Temple
  2828 | Temple   | Became a worshipper of Makhleb the Destroyer
  3131 | D:4      | Got a brightly glowing robe
  3142 | D:4      | Identified the +0 robe of Parlour Games {MR+} (You found it on level 4 of the Dungeon)
  3393 | D:5      | Entered Level 5 of the Dungeon
  3443 | D:5      | Reached skill level 1 in Invocations
  3443 | D:5      | Reached XP level 7. HP: 36/55 MP: 7/7
  3608 | D:5      | Found a glowing drain.
  3612 | D:5      | Reached * piety under Makhleb
  3628 | Sewer    | Entered a sewer
  4039 | Sewer    | Reached skill level 5 in Fighting
  4117 | Sewer    | Reached XP level 8. HP: 62/62 MP: 9/9
  4379 | Sewer    | Reached skill level 5 in Armour
  4379 | Sewer    | Reached skill level 6 in Shields
  4474 | Sewer    | Reached ** piety under Makhleb
  4999 | D:6      | Reached skill level 5 in Stealth
  5308 | D:6      | Found a sacrificial altar of Ru.
  6023 | D:7      | Reached XP level 9. HP: 53/69 MP: 10/12
  6106 | D:7      | Reached skill level 7 in Shields
  6108 | D:7      | Reached *** piety under Makhleb
  6221 | D:7      | Found Wawiesum's Distillery.
  6606 | D:7      | Found a bloodstained altar of Trog.
  6607 | D:7      | Found an iron altar of Okawaru.
  6607 | D:7      | Found a shimmering altar of Xom.
  6609 | D:7      | Found a shadowy altar of Dithmenos.
  6609 | D:7      | Found a snail-covered altar of Cheibriados.
  6612 | D:7      | Found an oddly glowing altar of Pakellas.
  6612 | D:7      | Found a blossoming altar of Fedhas.
  6613 | D:7      | Found an ancient bone altar of Kikubaaqudgha.
  6853 | D:7      | Reached skill level 5 in Invocations
  6859 | D:7      | Slain by an orc warrior

Skill      XL: |  1  2  3  4  5  6  7  8  9 |
---------------+----------------------------+-----
Shields        | 4 5 6 7 |  7.4
Stealth        | 1 2 3 4 6 |  6.8
Staves         | 3 4 |  4.0
Fighting       | 4 5 6 |  6.4
Armour         | 4 5 6 |  6.3
Invocations    | 1 2 4 5 |  5.0

Action                   |  1- 3 |  4- 6 |  7- 9 || total
-------------------------+-------+-------+-------++-------
Melee: Quarterstaff      |    75 |   228 |   467 ||   770
  Use: Scroll            |     2 |     4 |     5 ||    11
       Potion            |       |     1 |     1 ||     2
 Stab: Sleeping          |       |       |     2 ||     2
  Eat: Chunk             |     1 |     7 |    10 ||    18
       Fruit             |       |       |     2 ||     2
Armor: Scale mail        |    27 |    73 |   206 ||   306
Dodge: Dodged            |    17 |    82 |   158 ||   257
Block: Shield            |    32 |   100 |   269 ||   401
